 Dungeon Crawl Stone Soup version 0.24-a0-493-g7e4ddcd485 (webtiles) character file.

Game seed: 4228201210815425569

149 KristoblXynda the Slasher (level 5, -1/45 HPs)
             Began as a Draconian Gladiator on July 12, 2019.
             Slain by an orc
             ... wielding a +0 hand axe of flaming
              (2 damage)
             ... on level 3 of the Dungeon.
             The game lasted 00:02:23 (1651 turns).

KristoblXynda the Slasher (Draconian Gladiator)     Turns: 1651, Time: 00:02:24

Health: -1/45      AC:  5    Str: 17    XL:     5   Next: 9%
Magic:  5/5        EV: 13    Int:  9    God:
Gold:   138        SH:  0    Dex: 12    Spells: 4/4 levels left

rFire    . . .     SeeInvis .   a - +0 long sword
rCold    . . .     Gourm    .   (no shield)
rNeg     . . .     Faith    .   (armour unavailable)
rPois    .         Spirit   .   b - +0 hat
rElec    .         Reflect  .   (no cloak)
rCorr    .         Harm     .   (no gloves)
MR       .....                  (no boots)
Stlth    +.........             (no amulet)
HPRegen  0.15/turn              (no ring)
MPRegen  0.09/turn              (no ring)

@: lethally poisoned (-1 -> -2)
A: unfitting armour, cold-blooded, AC +5
a: no special abilities


You were on level 3 of the Dungeon.
You were not hungry.

You visited 1 branch of the dungeon, and saw 3 of its levels.

You collected 138 gold pieces.

Inventory:

Hand Weapons
 a - a +0 long sword (weapon)
Missiles
 c - 3 throwing nets (quivered)
Armour
 b - a +0 hat (worn)
Potions
 e - 2 potions of heal wounds
 f - a potion of mutation {unknown}
 g - a potion of brilliance {unknown}
 h - a potion of curing {unknown}
 i - a potion of degeneration {unknown}
 j - a potion of cancellation {unknown}
Comestibles
 d - 3 rations
 k - 4 chunks of flesh


   Skills:
 + Level 3.2 Fighting
 * Level 4.6 Long Blades
 - Level 2.0 Throwing
 + Level 3.5 Dodging


You had 4 spell levels left.
You didn't know any spells.
Your spell library was empty.

Dungeon Overview and Level Annotations

Branches:
Dungeon (3/15)

Altars:
Cheibriados


Innate Abilities, Weirdness & Mutations

Your plain brown scales are hard. (AC +5)
You cannot fit into any form of body armour.
You are cold-blooded and may be slowed by cold attacks.


Message History

k - 4 chunks of flesh The orc hits you but does no damage.
You feel sick.
You feel sick.
You feel sick.
You feel sick.
You hit the orc.
The orc is moderately wounded.
You feel sick.
The orc hits you with a +0 hand axe of flaming.
* * * LOW HITPOINT WARNING * * *
The orc burns you.
* * * LOW HITPOINT WARNING * * *
You hit the orc but do no damage.
Your tail-slap misses the orc.
The orc is moderately wounded.
You feel sick.
The orc hits you with a +0 hand axe of flaming.
* * * LOW HITPOINT WARNING * * *
The orc burns you.
You die...

# #...)..#..#.#... .
#.#......#....#.# .#
..................# ..#
...##...........#.#..#.#...
.....#.........†....#...
##.##.#.#.......#.##..##
...........###.##.....<#
#..#.#.#..###.####...##
##...........o.o@......#
......#.....##.####.......
....%........o†......#.....
............##)#.##..#......
#..÷##.....###...##..##.....
<...##................ .....
...###.....########... .$.
######.. .. ... ...


You could see 3 orcs.

Vanquished Creatures
  A scorpion (D:2)
  A gnoll (D:1)
  3 adders
  An ooze (D:2)
  2 worms (D:2)
  2 dart slugs
  A leopard gecko (D:2)
  2 ball pythons (D:1)
  4 bats
  5 giant cockroaches
  6 goblins
  6 hobgoblins
  4 frilled lizards
  6 kobolds
  5 rats
49 creatures vanquished.

Notes
Turn   | Place    | Note
-------+----------+-------------------------------------------
     0 | D:1      | KristoblXynda the Draconian Gladiator began the quest for
                  | the Orb.
     0 | D:1      | Reached XP level 1. HP: 17/17 MP: 1/1
    61 | D:1      | Reached XP level 2. HP: 22/24 MP: 2/2
   416 | D:1      | Reached XP level 3. HP: 24/30 MP: 3/3
   930 | D:2      | Noticed a scorpion
   942 | D:2      | Killed a scorpion
   942 | D:2      | Reached skill level 4 in Long Blades
   942 | D:2      | Reached XP level 4. HP: 35/37 MP: 4/4
  1123 | D:2      | Found a snail-covered altar of Cheibriados.
  1619 | D:3      | Reached XP level 5. HP: 41/45 MP: 5/5
  1651 | D:3      | HP: 1/45 [orc/+0 hand axe of flaming (6)]
  1651 | D:3      | Slain by an orc

Levels and vault maps discovered:
D:1:      dpeg_arrival_lava_altar, layout_loops_cross, st_stairs_1,
          minmay_pentomino_w4
D:2:      layout_basic, lemuel_crystal_altar
D:3:      layout_basic, first_ration, chequers_serial_rivers_micro_e,
          minmay_bisected

Skill      XL: |  1  2  3  4 |
---------------+-------------+-----
Throwing       | 2 |  2.0
Dodging        | 3 |  3.5
Long Blades    | 4 |  4.6
Fighting       | 3 |  3.2

Action                   |  1- 3 |  4- 6 || total
-------------------------+-------+-------++-------
Melee: Long sword        |    69 |    61 ||   130
       Tailslap          |     5 |    13 ||    18
  Use: Scroll            |     2 |     1 ||     3
  Eat: Ration            |       |     1 ||     1
       Chunk             |       |     1 ||     1
Armor: Skin              |    22 |    16 ||    38
Dodge: Dodged            |    61 |    51 ||   112
       Rpst.: Long sword |    22 |    14 ||    36

Table legend:
 A = Non-vault XP
 B = Vault XP
 C = Vault XP percentage of total XP
 D = Non-vault monster count
 E = Vault monster count
 F = Vault count percentage of total count
                 A         B        C        D         E       F
            +---------+---------+-------+---------+---------+-------
      Total |     200 |      13 |   6.1 |      42 |       7 |  14.3
            +---------+---------+-------+---------+---------+-------
        D:1 |      39 |      13 |  25.0 |      15 |       7 |  31.8
        D:2 |     127 |       0 |   0.0 |      21 |       0 |   0.0
        D:3 |      34 |       0 |   0.0 |       6 |       0 |   0.0
            +---------+---------+-------+---------+---------+-------
